Map: Одиссея РВ

Players

ИИ 1 (ученик) - Winner!

  • Race: Terran Terran
  • Spawn Location: 5:00

Doll

  • Race: Zerg Zerg
  • Spawn Location: 11:00

VOD

Have the link to the VOD?

Description

Time

  • Played on: Sept. 24, 2022, 3:55 p.m.
  • Length: 8:29
Show
View Real Time Build Order
Export as new Build Order

ИИ 1 (ученик) Terran - Winner!

Build Orders: Cyclone Opening 

Get SALT Encoding   

  12  0:00  SCV  
  13  0:13  SCV  
  14  0:19  Supply Depot  
  14  0:25  SCV  
  15  0:40  SCV  
  16  0:44  Barracks  
  16  0:46  Refinery  
  16  0:53  SCV  
  16  0:55  Refinery  
  17  1:05  SCV  
  18  1:17  SCV  
  19  1:31  Marine  
  20  1:33  Orbital Command, Supply Depot  
  20  1:47  Factory  
  20  1:49  Reaper  
  21  1:59  SCV  
  22  2:11  SCV  
  23  2:21  Marine  
  24  2:23  SCV  
  25  2:31  Command Center  
  25  2:35  SCV  
  26  2:39  Factory Tech Lab  
  26  2:43  Barracks Reactor  
  26  2:47  SCV  
  27  2:56  Supply Depot  
  27  2:59  Cyclone, SCV  
  31  3:11  SCV  
  31  3:16  Starport  
  31  3:23  SCV  
  32  3:33  Factory  
  32  3:35  SCV  
  32  3:40  Siege Tank  
  36  3:47  SCV  
  37  3:49  SCV  
  37  3:52  Bunker  
  37  3:53  Medivac  
  40  3:59  Refinery  
  40  4:00  SCV  
  40  4:01  SCV  
  42  4:12  SCV  
  42  4:14  SCV  
  44  4:19  Supply Depot  
  44  4:20  Marine  
  44  4:22  Marine  
  44  4:24  SCV  
  47  4:26  SCV  
  48  4:32  Siege Tank  
  48  4:35  Factory Tech Lab  
  48  4:36  Starport Tech Lab, SCV  
  48  4:38  SCV  
  53  4:47  Marine, Barracks  
  53  4:48  SCV  
  53  4:50  SCV  
  53  4:52  Marine  
  56  4:58  Supply Depot  
  57  5:00  SCV  
  57  5:02  SCV  
  57  5:06  Viking  
  61  5:07  Marine  
  62  5:15  Orbital Command  
  62  5:16  Supply Depot  
  62  5:19  Marine  
  62  5:20  SCV  
  64  5:24  Marine  
  65  5:31  Siege Tank  
  65  5:32  SCV  
  69  5:37  Marine, Raven  
  69  5:38  Command Center  
  69  5:41  SCV  
  73  5:43  Barracks Tech Lab  
  73  5:44  SCV  
  74  5:50  Siege Tank  
  74  5:53  SCV  
  74  5:55  Supply Depot  
  78  6:07  Starport  
  78  6:16  Marine x2, Siege Tank, SCV  
  78  6:17  SCV  
  85  6:20  Supply Depot  
  85  6:28  SCV  
  86  6:34  Barracks  
  86  6:42  Siege Tank, SCV x2  
  86  6:45  Starport Tech Lab, Supply Depot  
  91  6:48  Siege Tank  
  91  6:50  Marine x3, Raven  
  91  6:52  Bunker  
  91  6:54  SCV x2  
  100  6:55  SCV  
  102  7:06  SCV, Refinery  
  102  7:07  Marine, SCV x2, Refinery  
  102  7:08  Marine  
  107  7:09  Refinery  
  107  7:11  Supply Depot  
  107  7:13  Marine  
  107  7:15  Raven  
  108  7:18  SCV  
  108  7:19  SCV x2  
  113  7:30  SCV  
  113  7:31  SCV x2  
  113  7:32  Siege Tank  
  113  7:34  Supply Depot  
  119  7:40  Siege Tank  
  119  7:42  SCV  
  119  7:43  SCV  
  124  7:44  SCV  
  124  7:45  Barracks  
  125  7:54  Command Center  
  125  7:56  Marine, SCV x3  
  125  7:58  Supply Depot  
  129  8:00  Marine  
  133  8:10  Factory  
  133  8:17  Starport  
  135  8:23  Supply Depot  
  135  8:24  Barracks Tech Lab  
Show
View Real Time Build Order
Export as new Build Order

Doll Zerg 

Build Orders: Hatch First, Zergling Baneling 

Get SALT Encoding   

  12  0:00  Drone  
  13  0:13  Overlord  
  13  0:18  Drone  
  14  0:32  Drone x2  
  17  0:35  Drone  
  17  0:54  Hatchery  
  17  0:56  Drone  
  17  1:00  Extractor  
  17  1:01  Drone  
  17  1:19  Drone  
  17  1:20  Spawning Pool  
  17  1:23  Drone  
  18  1:29  Drone  
  19  1:50  Overlord  
  19  2:09  Drone  
  19  2:10  Queen x2  
  19  2:12  Zergling x2  
  25  2:17  Zergling x2  
  26  2:23  Drone  
  26  2:24  Metabolic Boost  
  26  2:28  Drone  
  28  2:34  Drone  
  29  2:38  Drone  
  29  2:43  Spine Crawler  
  29  2:49  Drone x2  
  31  2:54  Drone  
  31  2:58  Queen  
  32  3:01  Overlord  
  34  3:25  Drone x7  
  34  3:26  Drone x2  
  43  3:33  Overlord  
  43  3:35  Spine Crawler  
  42  3:41  Drone  
  42  3:43  Lair  
  43  3:49  Extractor  
  43  3:50  Overlord  
  43  3:53  Pneumatized Carapace  
  43  3:55  Drone x2  
  44  3:59  Drone  
  45  4:04  Drone, Baneling Nest  
  45  4:07  Extractor  
  45  4:09  Drone x3  
  47  4:14  Drone  
  47  4:15  Drone  
  49  4:23  Zergling x2  
  51  4:24  Zergling x2  
  51  4:39  Queen  
  51  4:40  Queen  
  51  4:42  Zergling x4  
  57  4:48  Roach Warren  
  57  4:50  Zergling x4  
  57  4:51  Hatchery  
  57  4:52  Baneling x2  
  57  4:53  Baneling x3  
  57  4:54  Baneling x2  
  57  4:55  Baneling  
  57  4:57  Zergling x4  
  59  5:00  Zergling x2  
  59  5:01  Overlord  
  59  5:05  Overlord  
  59  5:06  Overseer  
  60  5:09  Overseer  
  60  5:21  Zergling x8  
  62  5:22  Hydralisk Den  
  62  5:23  Baneling x3  
  62  5:28  Zergling x4  
  65  5:31  Queen  
  65  5:35  Centrifugal Hooks  
  67  5:39  Drone  
  67  5:40  Drone  
  69  5:50  Drone x4, Infestation Pit  
  69  5:52  Drone  
  73  6:00  Queen  
  73  6:03  Overlord  
  75  6:06  Drone x3  
  75  6:08  Drone  
  75  6:10  Drone  
  80  6:15  Drone x2  
  80  6:18  Overlord  
  82  6:23  Queen  
  82  6:25  Extractor  
  83  6:28  Drone  
  83  6:29  Drone  
  83  6:30  Overlord  
  83  6:31  Drone  
  83  6:32  Drone  
  87  6:42  Spire  
  87  6:43  Extractor, Drone  
  87  6:44  Drone x3  
  87  6:45  Extractor  
  88  6:50  Hydralisk x2  
  88  6:52  Hydralisk  
  94  6:56  Hydralisk  
  94  6:58  Hydralisk  
  94  7:00  Hydralisk  
  100  7:03  Hydralisk  
  100  7:06  Overlord  
  102  7:10  Drone  
  102  7:11  Drone x2  
  102  7:12  Drone  
  106  7:17  Overlord  
  106  7:23  Evolution Chamber  
  106  7:27  Baneling x4  
  106  7:28  Baneling x3  
  106  7:29  Baneling x3  
  105  7:30  Baneling x2  
  105  7:31  Baneling x3  
  105  7:32  Baneling x2  
  105  7:33  Baneling  
  105  7:35  Zergling x4  
  105  7:36  Zergling x6  
  110  7:38  Zergling x2  
  110  7:39  Zergling x4  
  110  7:40  Zergling x2  
  110  7:42  Zergling x2  
  115  7:44  Zergling x2  
  115  7:47  Hydralisk  
  115  7:50  Queen  
  120  7:53  Hydralisk  
  120  7:55  Overlord  
  120  7:56  Overseer  
  120  7:58  Overlord  
  122  8:04  Overlord  
Tags
 
Add a new tag
Caveats
  • Supply blocks, unpowered buildings, or Contaminate may cause inaccurate times.
  • Supply counts are checked every 10 seconds.